 Dungeon Crawl Stone Soup version 0.30-a0-883-g5ad918d77d (webtiles) character file.

Game seed: 6674544798681307402

70 CrazyBamboolord the Insei (level 4, -7/32 HPs)
             Began as a Merfolk Transmuter on Mar 16, 2023.
             Killed by divine providence
             ... invoked by an orc priest
              (11 damage)
             ... on level 3 of the Dungeon.
             The game lasted 00:04:36 (2518 turns).

CrazyBamboolord the Insei (Merfolk Transmuter)      Turns: 2518, Time: 00:04:37

Health: -7/32      AC:  3    Str:  8 (10) XL:     4   Next: 22%
Magic:  0/8        EV: 12    Int: 11 (14) God:
Gold:   122        SH:  0    Dex: 12 (14) Spells: 2/8 levels left

rFire   . . .      SeeInvis .      - Unarmed
rCold   . . .      Faith    .    (no shield)
rNeg    . . .      Spirit   +    a - +0 robe
rPois   +          Reflect  .    (helmet currently unavailable)
rElec   .          Rampage  .    (no cloak)
rCorr   .                        c - +0 pair of gloves
Will    .....                    (boots currently unavailable)
Stlth   +                        f - amulet of guardian spirit
HPRegen 0.25/turn                m - ring of poison resistance
MPRegen 0.11/turn                (no ring)

@: appendages (expiring), attractive
A: horns 2, (nimble swimmer 2), mertail
a: End Transformation


You were on level 3 of the Dungeon.
You had temporarily grown beastly horns.
You visited 1 branch of the dungeon, and saw 3 of its levels.

You collected 122 gold pieces.

Inventory:

Armour
 a - a +0 robe (worn)
 c - a +0 pair of gloves (worn)
Jewellery
 d - a ring of ice
 f - an amulet of guardian spirit (around neck)
 m - a ring of poison resistance (left hand)
Scrolls
 g - 3 scrolls of teleportation
 h - a scroll of torment
 n - a scroll of noise {unknown}
Potions
 b - a potion of lignification
 e - a potion of haste
 i - a potion of attraction
 j - a potion of magic
 o - a potion of curing {unknown}


   Skills:
 * Level 1.5 Fighting
 * Level 3.1 Dodging
 + Level 0.2 Stealth
 + Level 3.9 Unarmed Combat
 * Level 2.7 Spellcasting
 * Level 3.7 Transmutations
 * Level 0.2 Poison Magic


You had 2 spell levels left.
You knew the following spells:

 Your Spells              Type           Power      Damage    Failure   Level
a - Beastly Appendage     Tmut           18%        N/A       6%          1
b - Wereblood             Tmut           9%         N/A       9%          2
c - Spider Form           Tmut/Pois      5%         N/A       36%         3

Your spell library contained the following spells:

 Spells                   Type           Power      Damage    Failure   Level
 Ice Form                 Ice/Tmut       5%         N/A       77%         4


Dungeon Overview and Level Annotations

Branches:
Dungeon (3/15)

Altars:
Xom

Shops:
D:1 =


Innate Abilities, Weirdness & Mutations

You have temporarily grown beastly horns.
((You are very nimble when in or above water. (Stealth+, EV+, Speed+++)))
Your lower body shifts to a powerful aquatic tail in water.


Message History

Press: ? - help, Q - select action, (/) - cycle Dir - look around, f - activate You grow a pair of large bovine horns.
The rat barely misses you.
You barely miss the rat. You headbutt the rat.
You kill the rat!
No target in view!
No target in view!
You start resting.
HP restored.
You start resting.
Your transformation is almost over.
Magic restored.
You climb downwards.
There is a stone staircase leading up here.
Casting: Beastly Appendage (safe; 4% risk of failure)
Press: ? - help, Q - select action, (/) - cycle Dir - look around, f - activate You extend your transformation's duration.
You see here a ball python skeleton.
The orc priest invokes the aid of Beogh against you.
Beogh smites you!
The orc priest invokes the aid of Beogh against you.
You barely resist.
The orc priest hits you with a +0 dagger.
You barely miss the orc priest.
Your transformation is almost over.
The orc hits you with a +0 dagger.
The orc priest invokes the aid of Beogh against you.
Beogh smites you!
* * * LOW HITPOINT WARNING * * *
It was a potion of attraction.
You feel attractive to monsters.
The orc priest hits you with a +0 dagger.
* * * LOW HITPOINT WARNING * * *
The orc hits you with a +0 dagger.
* * * LOW HITPOINT WARNING * * *
It was a potion of degeneration.
There was something very wrong with that liquid.
You feel weakened.
You feel dopey.
You feel clumsy.
The orc priest invokes the aid of Beogh against you.
Beogh smites you!
You die...

#..........###..##
#..........#...## ##
#######.........)..### #8
##...##............## #.
##..................# #8
#...................# #.
#...................#######.
#.........................#8
##........o@....รท<........#.
##..)....o#####..........##
####...### ####........
#.#..## #........ #.##..#
#........ #.###.## #######..
#.# #o.# #.# ##r# #.# #o#


You could see an orc priest and an orc.

Vanquished Creatures
  3 adders (D:2)
  2 dart slugs
  2 orcs (D:2)
  3 ball pythons
  3 bats
  4 endoplasms
  A giant cockroach (D:1)
  4 goblins
  4 hobgoblins
  A quokka (D:1)
  A frilled lizard (D:3)
  4 kobolds (D:2)
  3 rats
35 creatures vanquished.

Notes
Turn   | Place    | Note
-------+----------+-------------------------------------------
     0 | D:1      | CrazyBamboolord the Merfolk Transmuter began the quest for
                  | the Orb.
     0 | D:1      | Reached XP level 1. HP: 15/15 MP: 3/3
    77 | D:1      | Found Futahull's Jewellery Shoppe.
   243 | D:1      | Reached XP level 2. HP: 20/21 MP: 3/5
  1046 | D:2      | Learned a level 2 spell: Wereblood
  1240 | D:2      | Reached XP level 3. HP: 26/26 MP: 3/6
  1388 | D:2      | Learned a level 3 spell: Spider Form
  2145 | D:2      | Reached XP level 4. HP: 26/32 MP: 5/7
  2207 | D:3      | Found an ornate altar of the Wu Jian Council.
  2209 | D:3      | Found a blossoming altar of Fedhas.
  2209 | D:3      | Found a stormy altar of Qazlal.
  2211 | D:3      | Found a sparkling altar of Nemelex Xobeh.
  2211 | D:3      | Found a shimmering altar of Xom.
  2211 | D:3      | Found a radiant altar of Vehumet.
  2518 | D:3      | Killed from afar by an orc priest

Illustrated notes

Levels and vault maps discovered:
D:1:      dpeg_arrival_three_same_balls, layout_basic, serial_shops, shop,
          bh_walls_and_bars
D:2:      layout_loops_corners, fountainhead
D:3:      layout_rooms, doesnt_xom_only_xom, minmay_cut_off

Skill      XL: |  1  2 |
---------------+-------+-----
Transmutations | 3 |  3.7
Dodging        | 3 |  3.1
Fighting       | |  1.5
Stealth        | |  0.2
Unarmed Combat | |  3.9
Spellcasting   | |  2.7
Poison Magic   | |  0.2

Action                     |  1- 3 |  4- 6 || total
---------------------------+-------+-------++-------
  Melee: Unarmed           |    86 |    31 ||   117
         Headbutt          |    14 |     2 ||    16
         Punch             |       |     1 ||     1
   Cast: Beastly Appendage |    24 |     8 ||    32
    Use: Scroll            |     5 |     1 ||     6
         Potion            |       |     2 ||     2
   Stab: Sleeping          |     1 |       ||     1
 Armour: Robe              |    13 |     6 ||    19
  Dodge: Dodged            |    56 |    26 ||    82

Table legend: (Time is in decaauts)
 A = Elapsed time spent in this place.
 B = Non-inter-level travel time spent in this place.
 C = Inter-level travel time spent in this place.
 D = Time resting spent in this place.
 E = Time spent auto-exploring this place.
 F = Levels seen in this place.
 G = Mean time per level.
                   A        B        C        D        E       F      G
               +--------+--------+--------+--------+--------+-----+--------+
         Total |   2503 |   2437 |     66 |    107 |   1951 |   3 |  834.3 |
       Dungeon |   2503 |   2437 |     66 |    107 |   1951 |   3 |  834.3 |
               +--------+--------+--------+--------+--------+-----+--------+

Top non-repeatable levels by time:
     D:2: 1226 daAuts
     D:1: 1036 daAuts
     D:3: 240 daAuts
